AoeStats
← Graf Schlegel

Nomad

503457068Analyzed
3v3 RM · 1mo ago on Aug 31, 2026· 46m 7s· 6 players
Game mode
Random Map
Map size
210×210
Population
200
Speed
Normal
Resources
Standard
Victory
Conquest
Starting age
Dark Age
Ending age
Imperial Age
RankedLock teamsTeams togetherTeam positionsShared explorationLock speedFull tech treeHidden civsTurbo modeCheats
Victory
Defeat
🇩🇪 Maya · Germany
1171
+11
🇲🇽 Koreans · Mexico
1121
+13
🇺🇸 Hindustanis · United States
1119
+13
🇩🇪 Japanese · Germany
1071
-13
🇩🇪 Dravidians · Germany
1067
-13
🇩🇪 Burgundians · Germany
1031
-11
xdmastorx
5:24 Loom
13:20 Feudal Age
15:09 Double-Bit Axe
18:36 Fletching
23:16 Castle Age
24:33 Wheelbarrow
24:15 Bow Saw
24:00 Gold Mining
24:28 Medium Warships
24:25 Town Watch
28:44 Scale Mail Armor
32:59 Chain Mail Armor
34:53 Squires
34:48 Horse Collar
35:46 Arson
36:26 Fishing Lines
41:01 Bloodlines
40:52 Husbandry
40:14 Light Cavalry
41:19 Heavy Plow
46:42 Imperial Age
46:43 Hand Cart
Sunday
5:07 Loom
14:29 Feudal Age
15:56 Wheelbarrow
15:10 Double-Bit Axe
16:07 Fishing Lines
19:46 Gold Mining
22:47 Castle Age
20:36 Town Watch
22:53 Castle Age
21:41 Fletching
22:48 Stone Mining
26:06 Bodkin Arrow
26:11 Light Cavalry
29:34 Medium Warships
32:28 Gold Shaft Mining
32:29 Stone Shaft Mining
32:07 Bow Saw
32:13 Hand Cart
34:10 Husbandry
35:43 Ballistics
40:42 Imperial Age
42:37 Elite War Wagon
43:21 Bracer
44:23 Chemistry
42:49 Capped Ram
45:15 Siege Engineers
44:59 Treadmill Crane
46:53 Conscription
Replikator
4:53 Loom
14:03 Feudal Age
14:58 Double-Bit Axe
17:58 Castle Age
16:51 Stone Mining
17:45 Town Watch
19:52 Bow Saw
19:35 Horse Collar
20:53 Heavy Plow
22:40 Fletching
23:55 Bodkin Arrow
24:54 Pikeman
26:14 Scale Mail Armor
35:50 Imperial Age
33:33 Gold Mining
35:51 Wheelbarrow
35:19 Padded Archer Armor
36:25 Thumb Ring
36:56 Bracer
37:48 Ballistics
37:24 Elite Plumed Archer
41:00 Chemistry
41:58 Leather Archer Armor
44:44 Hand Cart
Horst der Graue
5:39 Loom
12:43 Feudal Age
13:24 Double-Bit Axe
22:02 Castle Age
20:18 Scale Mail Armor
20:32 Forging
20:22 Fletching
20:56 Horse Collar
21:01 Fishing Lines
23:05 Medium Warships
23:16 Bow Saw
24:12 Bodkin Arrow
27:47 Wheelbarrow
26:59 Town Watch
27:59 Padded Archer Armor
30:08 Thumb Ring
30:37 Gillnets
31:47 Elite Skirmisher
36:46 Imperial Age
34:06 Horse Collar
34:51 Ballistics
35:20 Husbandry
37:12 Heavy Plow
37:55 Bracer
38:58 Conscription
39:02 Padded Archer Armor
40:25 Heavy Warships
41:46 Chemistry
44:34 Masonry
Graf Schlegel
12:52 Loom
15:51 Feudal Age
14:19 Horse Collar
14:28 Double-Bit Axe
14:37 Gold Mining
14:40 Fishing Lines
21:55 Castle Age
20:58 Bow Saw
20:52 Heavy Plow
22:26 Wheelbarrow
22:37 Gold Shaft Mining
21:53 Stone Mining
23:26 Scale Barding Armor
23:32 Forging
33:11 Hand Cart
38:54 Imperial Age
Fritz der Gewissenlose
10:35 Loom
13:48 Feudal Age
13:49 Man-at-Arms
23:24 Castle Age
26:48 Long Swordsman
30:08 Gambesons
29:52 Pikeman
32:35 Squires
33:06 Arson
35:58 Horse Collar
38:13 Wheelbarrow
37:30 Double-Bit Axe
38:56 Scale Mail Armor
40:32 Bow Saw
41:11 Forging
44:17 Iron Casting
44:58 Heavy Plow
45:11 Thumb Ring
44:26 Elite Skirmisher
Connection lost

Rejoining the realm…

Still unreachable

The connection could not be restored.

Session expired

The server has moved on; the page needs a fresh start.